 Dungeon Crawl Stone Soup version 0.31-a0-236-g9a0961fb85 (console) character file.

Game seed: 1314810831577595069

9 petzl the Sneak (level 2, -6/19 (24) HPs)
             Began as a Formicid Delver on July 10, 2023.
             Mangled by a boulder beetle (25 damage)
             ... on level 12 of the Dungeon.
             The game lasted 00:04:42 (570 turns).

petzl the Sneak (Formicid Delver)                    Turns: 570, Time: 00:04:42

HP:   -6/19 (24)    AC:  3    Str: 16    XL:     2   Next: 20%
MP:   4/4           EV: 12    Int:  9    God:
Gold: 52            SH:  5    Dex: 15    Spells: 4/4 levels left

rFire   . . .        h - +0 rapier
rCold   . . .        (no shield)
rNeg    . . .        b - +0 leather armour
rPois   .            (helmet unavailable)
rElec   .            (no cloak)
rCorr   .            (no gloves)
SInv    +            (no boots)
Will    .....        i - amulet of reflection
Stlth   +++          (no ring)
HPRegen 0.23/turn    (no ring)
MPRegen 0.09/turn

%: reflection
@: heavily drained
A: permanent stasis, dig shafts and tunnels, antennae 3, four strong arms
a: Dig, Shaft Self


You were on level 12 of the Dungeon.
You visited 1 branch of the dungeon, and saw 7 of its levels.

You collected 52 gold pieces.

Inventory:

Hand Weapons
 a - a +0 mace
 h - a +0 rapier (weapon)
Armour
 b - a +0 leather armour (worn)
Jewellery
 i - an amulet of reflection (around neck)
Wands
 f - a wand of digging (2)
Scrolls
 c - 2 scrolls of fog
 d - a scroll of revelation
 e - a scroll of fear
 j - a scroll of identify {unknown}
Potions
 g - a potion of curing {unknown}


   Skills:
 - Level 3.2 Fighting
 - Level 2.0 Maces & Flails
 - Level 1.7 Dodging
 - Level 6.0 Stealth
 + Level 1.7 Spellcasting


You had 4 spell levels left.
You didn't know any spells.
Your spell library contained the following spells:

 Spells                   Type           Power      Damage    Failure   Level
 Ensorcelled Hibernation  Hex/Ice        0%         N/A       54%         2
 Passwall                 Tmut/Erth      0%         N/A       54%         2
 Swiftness                Air            Unusable   N/A       N/A         3

Dungeon Overview and Level Annotations

Branches:
Dungeon (11/15)
 Temple: D:4-7         Lair: D:8-11         Orc: D:9-12

Altars:

Annotations:
D:5 Ijyb
D:9 exclusion: downstairs
D:10 exclusions: gargoyle, sensed monster (detected) and yak
D:11 exclusion: centaur


Innate Abilities, Weirdness & Mutations

You cannot be hasted, slowed, berserked, paralysed or teleported.
You can dig through walls and to a lower floor.
You have a pair of large antennae on your head. (SInv)
Your four strong arms can wield two-handed weapons with a shield.


Message History

The orc wizard hits you but does no damage.
You begin to dig a shaft.
You continue digging a shaft.
The orc wizard hits you but does no damage.
The orc completely misses you. A shaft appears beneath you!
You fall into a shaft and drop 2 floors!
The shaft crumbles and collapses.
Found a chain mail.
You start resting.
HP restored.
Press: ? - help, v - describe, . - travel A dispersal trap.
Unknown command.
Really walk into that dispersal trap?
You enter a dispersal trap!
You feel a strange sense of stasis.
There is a dispersal trap here.
Found 10 gold pieces.
You now have 52 gold pieces (gained 10).
Found a book of Burglary.
A wraith comes into view.
Found a scroll labelled OBO PYCWEHU.
You see here a book of Burglary.
You pick up a book of Burglary and begin reading...
You add the spells Passwall and Ensorcelled Hibernation to your library.
Really walk into that dispersal trap?
You enter a dispersal trap!
You feel a strange sense of stasis.
There is a dispersal trap here.
Really walk into that dispersal trap?
You enter a dispersal trap!
The wraith blinks!
You feel a strange sense of stasis.
There is a dispersal trap here.
You see here a +0 chain mail.
A boulder beetle comes into view.
The boulder beetle curls into a ball and begins rolling!
The wraith enters a dispersal trap!
The boulder beetle leaps!
You feel a strange sense of stasis.
The wraith blinks!
You see here a +0 chain mail.
The boulder beetle attacks as you move away!
The boulder beetle hits you!!
Ouch! That really hurt!
You die...

####### #..{..# .
#.###.##########.°°#
#.# #..§.@B...°°.#
#.###.############
#...§.# { ###.### {
#.# { #.# #W# { #.#
#.# #.# #.#
#####.#.#{ #.......#
#.........#
#.......###
##.#.....?
#.#...#### #.##.## #
#.#


You could see a boulder beetle (rolling).

Vanquished Creatures
  An adder (D:5)
1 creature vanquished.

Notes
Turn   | Place    | Note
-------+----------+-------------------------------------------
     0 | D:5      | petzl the Formicid Delver began the quest for the Orb.
     0 | D:5      | Reached XP level 1. HP: 18/18 MP: 1/1
     4 | D:6      | Noticed a hound
    10 | D:5      | Noticed Ijyb
   100 | D:5      | Noticed an iguana
   184 | D:5      | Reached skill level 1 in Spellcasting
   184 | D:5      | Reached XP level 2. HP: 24/24 MP: 1/4
   228 | D:5      | You fall into a shaft and drop 3 floors!
   250 | D:8      | Noticed an orc warrior
   260 | D:8      | Noticed a wyvern
   267 | D:8      | You fall into a shaft and drop 3 floors!
   343 | D:11     | Noticed a centaur
   371 | D:10     | Entered Level 10 of the Dungeon
   406 | D:10     | Noticed a yak
   437 | D:10     | Noticed a gargoyle
   458 | D:9      | Noticed a wyvern
   468 | D:9      | You fall into a shaft and drop 2 floors!
   502 | D:10     | You fall into a shaft and drop 2 floors!
   542 | D:12     | Noticed a wraith
   565 | D:12     | Noticed a boulder beetle
   570 | D:12     | Mangled by a boulder beetle

Illustrated notes

Levels and vault maps discovered:
D:5:      layout_loops_ring, mainiacjoe_overflow_small_starburst, uniq_menkaure,
          uniq_ijyb, uniq_edmund
D:6:      layout_cave_pods, zin_academy, minmay_misc_feat_doors,
          kennysheep_minor_cross, grunt_decor_resistance
D:8:      layout_loops_ring, worldfamousw_hep_ancestral_shrine,
          david_lair_generic, grunt_livestock, lemuel_flame_loot_1, uniq_maurice
D:9:      layout_basic, enter_bailey_5
D:10:     minmay_distorted_concentric_squares, layout_small_grid,
          ashenzari_altar_1, serial_rivers, chequers_serial_rivers_room_a,
          chequers_serial_rivers_micro_b, chequers_serial_rivers_micro_a,
          chequers_serial_rivers_marsh, chequers_serial_rivers_small_a,
          hangedman_fish_farm
D:11:     minmay_the_grid_net [minmay_the_grid_embedded,
          minmay_the_grid_minigrid_large, minmay_the_grid_eight,
          minmay_the_grid_mess, minmay_the_grid_dragon_b,
          minmay_the_grid_prize_four_corners_diamond_a], layout_loops_cross
D:12:     layout_loops_ring, hiddenorc1_lemuel, kennysheep_generic_room_7

Skill      XL: |  1 |
---------------+----+-----
Spellcasting   | 1 |  1.7
Fighting       | |  3.2
Maces & Flails | |  2.0
Dodging        | |  1.7
Stealth        | |  6.0

Action                     || total
---------------------------++-------
  Melee: Rapier            ||    12
Ability: Shaft Self        ||     4
         Dig               ||     1
  Evoke: Wand              ||     1
   Stab: Sleeping          ||     1
 Armour: Leather armour    ||     7
  Dodge: Dodged            ||    13

Table legend: (Time is in decaauts)
 A = Elapsed time spent in this place.
 B = Non-inter-level travel time spent in this place.
 C = Inter-level travel time spent in this place.
 D = Time resting spent in this place.
 E = Time spent auto-exploring this place.
 F = Levels seen in this place.
 G = Mean time per level.
                   A        B        C        D        E       F      G
               +--------+--------+--------+--------+--------+-----+--------+
         Total |    571 |    511 |     60 |     98 |     86 |   7 |   81.6 |
       Dungeon |    571 |    511 |     60 |     98 |     86 |   7 |   81.6 |
               +--------+--------+--------+--------+--------+-----+--------+

Top non-repeatable levels by time:
     D:5: 227 daAuts
    D:11: 114 daAuts
    D:10: 111 daAuts
    D:12: 67 daAuts
     D:8: 38 daAuts
     D:9: 9 daAuts
     D:6: 1 daAuts
